TOP OF THE 1ST |
---|
Rutgers Scarlet Knights batting - Pitching for Ohio State Buckeyes : RHP Ignacio Piña | Pitching: RHP Ignacio Piña | | Batting: SHB Pat Brock | 0-0: Ball 1-0: Foul Ball, location: 2F 1-1: Ball 2-1: Swinging Strike 2-2: Ball 3-2: Ground out U3 (Groundball, 34) | Batting: RHB Michael Gibson | 0-0: Ball 1-0: Foul Ball, location: 2F 1-1: Foul Ball, location: 2F 1-2: Strikes out looking | Batting: RHB Howard Battle | 0-0: Fly out, F6 (Popup, P) | Top of the 1st over - 0 runs, 0 hits, 0 errors, 0 left on base; Rutgers 0 - Ohio State 0 | BOTTOM OF THE 1ST |
---|
Ohio State Buckeyes batting - Pitching for Rutgers Scarlet Knights : RHP Jorge Rodríguez | Pitching: RHP Jorge Rodríguez | | Batting: RHB Tommy Miller | 0-0: Ball 1-0: Ball 2-0: Called Strike 2-1: Swinging Strike 2-2: Strikes out looking | Batting: RHB Dale Hernández | 0-0: SINGLE (Groundball, 6MD) | Batting: LHB Josh Armstrong | 0-0: Called Strike 0-1: Ball 1-1: Swinging Strike 1-2: SINGLE (Groundball, 56D) Dale Hernández to second | Batting: RHB Jeff Peterson | 0-0: Ball Wild Pitch! Dale Hernández to third Josh Armstrong to second 1-0: Ball 2-0: Ground out 6-3 (Groundball, 6) Dale Hernández scores | Batting: LHB Kenneth Key | 0-0: Swinging Strike 0-1: Ball 1-1: Ball 2-1: Ball 3-1: Base on Balls | Batting: SHB Travis Shannon | 0-0: Called Strike 0-1: Ball 1-1: Foul Ball, location: 2F 1-2: Ball 2-2: SINGLE (Groundball, 3D) Josh Armstrong to third Kenneth Key to second Runner from 3rd tries for Home, SAFE, throw made home | Batting: RHB Ollie Buchanan | 0-0: Foul Ball, location: 2F 0-1: Ball 1-1: Foul Ball, location: 2F 1-2: Ball 2-2: Strikes out looking | Bottom of the 1st over - 2 runs, 3 hits, 0 errors, 2 left on base; Rutgers 0 - Ohio State 2 | TOP OF THE 2ND |
---|
Rutgers Scarlet Knights batting - Pitching for Ohio State Buckeyes : RHP Ignacio Piña | Batting: RHB Randy Guthrie | 0-0: Foul Ball, location: 2F 0-1: Ball 1-1: Ball 2-1: Called Strike 2-2: Ball 3-2: Foul Ball, location: 2F 3-2: Strikes out swinging | Batting: LHB Andre Montgomery | 0-0: Ball 1-0: Ball 2-0: Foul Ball, location: 2F 2-1: Swinging Strike 2-2: SINGLE (Line Drive, 9S) | Batting: LHB Dennis Montgomery | 0-0: SINGLE (Line Drive, 56) Andre Montgomery to second | Batting: RHB Joseph McCarteney | 0-0: Called Strike 0-1: Ball 1-1: Ball Wild Pitch! Andre Montgomery to third Dennis Montgomery to second 2-1: Foul Ball, location: 2F 2-2: Ball 3-2: Strikes out swinging | Batting: RHB Roy Lovell | 0-0: Foul Ball, location: 2F 0-1: Ball 1-1: SINGLE (Line Drive, 8LS) Andre Montgomery scores Dennis Montgomery to third Runner from 3rd tries for Home, SAFE, throw made home Roy Lovell to second | Batting: RHB Norm Gunn | 0-0: Ball 1-0: Called Strike 1-1: Foul Ball, location: 2F 1-2: Ball 2-2: Strikes out swinging | Top of the 2nd over - 2 runs, 3 hits, 0 errors, 1 left on base; Rutgers 2 - Ohio State 2 | BOTTOM OF THE 2ND |
---|
Ohio State Buckeyes batting - Pitching for Rutgers Scarlet Knights : RHP Jorge Rodríguez | Batting: RHB Steve Bañuelos | 0-0: Ball 1-0: Foul Ball, location: 2F 1-1: Ball 2-1: SINGLE (Line Drive, 56D) | Batting: LHB Luis Antonio Cortéz | 0-0: Ball Steve Bañuelos is caught stealing 2nd base 1-0: Foul Ball, location: 2F 1-1: Foul Ball, location: 2F 1-2: Ground out 4-3 (Groundball, 4) | Batting: RHB Tommy Miller | 0-0: Called Strike 0-1: Foul Ball, location: 2F 0-2: Ball 1-2: Fly out, F7 (Flyball, 7S) | Bottom of the 2nd over - 0 runs, 1 hit, 0 errors, 0 left on base; Rutgers 2 - Ohio State 2 | TOP OF THE 3RD |
---|
Rutgers Scarlet Knights batting - Pitching for Ohio State Buckeyes : RHP Ignacio Piña | Batting: SHB Pat Brock | 0-0: Called Strike 0-1: Ball 1-1: Ball 2-1: Ball 3-1: Base on Balls | Batting: RHB Michael Gibson | 0-0: SINGLE (Line Drive, 7S) Pat Brock to second | Batting: RHB Howard Battle | 0-0: Ball 1-0: Called Strike 1-1: Foul Ball, location: 2F 1-2: Foul Ball, location: 2F 1-2: Foul Ball, location: 2F 1-2: Foul Ball, location: 2F 1-2: Strikes out swinging | Batting: RHB Randy Guthrie | 0-0: Foul Ball, location: 2F 0-1: Called Strike 0-2: Foul Ball, location: 2F 0-2: Strikes out swinging | Batting: LHB Andre Montgomery | 0-0: Ball 1-0: Swinging Strike 1-1: Ball Wild Pitch! Pat Brock to third Michael Gibson to second 2-1: Swinging Strike 2-2: Foul Ball, location: 2F 2-2: Ground out 4-3 (Groundball, 4) | Top of the 3rd over - 0 runs, 1 hit, 0 errors, 2 left on base; Rutgers 2 - Ohio State 2 | BOTTOM OF THE 3RD |
---|
Ohio State Buckeyes batting - Pitching for Rutgers Scarlet Knights : RHP Jorge Rodríguez | Batting: RHB Dale Hernández | 0-0: Called Strike 0-1: Swinging Strike 0-2: Foul Ball, location: 2F 0-2: Ball 1-2: Ball 2-2: Strikes out swinging | Batting: LHB Josh Armstrong | 0-0: SINGLE (Groundball, 56D) | Batting: RHB Jeff Peterson | 0-0: Foul Ball, location: 2F 0-1: Ball 1-1: Called Strike 1-2: Ball 2-2: Ball 3-2: Strikes out swinging | Pitching: RHP Brett Bennett | | Batting: LHB Kenneth Key | 0-0: Ball 1-0: Foul Ball, location: 2F 1-1: Ball 2-1: Foul Ball, location: 2F 2-2: Ground out 1-3 (Groundball, P) | Bottom of the 3rd over - 0 runs, 1 hit, 0 errors, 1 left on base; Rutgers 2 - Ohio State 2 | TOP OF THE 4TH |
---|
Rutgers Scarlet Knights batting - Pitching for Ohio State Buckeyes : RHP Ignacio Piña | Batting: LHB Dennis Montgomery | 0-0: Ball 1-0: Ball 2-0: Called Strike 2-1: Ball 3-1: Fly out, F3 (Popup, 3SF) | Batting: RHB Joseph McCarteney | 0-0: Ball 1-0: SINGLE (Line Drive, 7S) | Batting: RHB Roy Lovell | 0-0: Ball 1-0: Called Strike 1-1: Ball 2-1: Ball 3-1: Called Strike Joseph McCarteney steals 2nd base 3-2: Ground out U3 (Groundball, 34) Joseph McCarteney to third | Batting: RHB Norm Gunn | 0-0: Ball 1-0: Called Strike 1-1: Ball 2-1: Ball 3-1: Base on Balls | Batting: SHB Pat Brock | 0-0: Ball 1-0: Foul Ball, location: 2F 1-1: Ball 2-1: Foul Ball, location: 2F 2-2: Ball 3-2: Foul Ball, location: 2F 3-2: Foul Ball, location: 2F 3-2: Base on Balls Norm Gunn to second | Pitching: RHP Tom Allen | | Batting: RHB Michael Gibson | 0-0: Foul Ball, location: 2F 0-1: Ball 1-1: DOUBLE (Line Drive, 7D) Joseph McCarteney scores Norm Gunn scores Pat Brock to third | Batting: RHB Howard Battle | 0-0: Swinging Strike 0-1: Ball 1-1: Foul Ball, location: 2F 1-2: Ground out U3 (Groundball, 3S) | Top of the 4th over - 2 runs, 2 hits, 0 errors, 2 left on base; Rutgers 4 - Ohio State 2 | BOTTOM OF THE 4TH |
---|
Ohio State Buckeyes batting - Pitching for Rutgers Scarlet Knights : RHP Brett Bennett | Batting: SHB Travis Shannon | 0-0: Called Strike 0-1: Ball 1-1: Swinging Strike 1-2: Ball 2-2: Strikes out swinging | Batting: RHB Ollie Buchanan | 0-0: Called Strike 0-1: Called Strike 0-2: Ball 1-2: Ball 2-2: Fly out, F8 (Flyball, 8RD) | Batting: RHB Steve Bañuelos | 0-0: Ball 1-0: Called Strike 1-1: Ball 2-1: Foul Ball, location: 2F 2-2: SINGLE (Groundball, 6MD) | Batting: LHB Luis Antonio Cortéz | 0-0: Ball 1-0: Called Strike Steve Bañuelos steals 2nd base 1-1: Foul Ball, location: 2F 1-2: SINGLE (Line Drive, 6D) Steve Bañuelos to third Runner from 3rd tries for Home, throw and OUT! | Bottom of the 4th over - 0 runs, 2 hits, 0 errors, 1 left on base; Rutgers 4 - Ohio State 2 | TOP OF THE 5TH |
---|
Rutgers Scarlet Knights batting - Pitching for Ohio State Buckeyes : RHP Tom Allen | Batting: RHB Randy Guthrie | 0-0: Ball 1-0: Called Strike 1-1: Called Strike 1-2: Fly out, F8 (Flyball, 8RM) | Batting: LHB Andre Montgomery | 0-0: Ball 1-0: Ground out 6-3 (Groundball, 6) | Batting: LHB Dennis Montgomery | 0-0: Swinging Strike 0-1: Foul Ball, location: 2F 0-2: Fly out, F7 (Flyball, 78M) | Top of the 5th over - 0 runs, 0 hits, 0 errors, 0 left on base; Rutgers 4 - Ohio State 2 | BOTTOM OF THE 5TH |
---|
Ohio State Buckeyes batting - Pitching for Rutgers Scarlet Knights : RHP Brett Bennett | Batting: RHB Tommy Miller | 0-0: Ball 1-0: Foul Ball, location: 2F 1-1: Ball 2-1: Foul Ball, location: 2F 2-2: DOUBLE (Line Drive, 7D) | Batting: RHB Dale Hernández | 0-0: Ball 1-0: Ball 2-0: Ball 3-0: Called Strike 3-1: Base on Balls | Batting: LHB Josh Armstrong | 0-0: Ball 1-0: Fly out, F9 (Flyball, 89S) | Batting: RHB Jeff Peterson | 0-0: Swinging Strike 0-1: Ball 1-1: Ball 2-1: Foul Ball, location: 2F 2-2: Ball 3-2: Base on Balls Tommy Miller to third Dale Hernández to second | Batting: LHB Kenneth Key | 0-0: Ball 1-0: Foul Ball, location: 2F 1-1: Ball 2-1: SINGLE (Line Drive, 9S) Tommy Miller scores Dale Hernández to third Jeff Peterson to second | Batting: SHB Travis Shannon | 0-0: Ball 1-0: Foul Ball, location: 2F 1-1: Ball 2-1: Ball 3-1: Base on Balls Dale Hernández scores Jeff Peterson to third Kenneth Key to second | Batting: RHB Ollie Buchanan | 0-0: Ball 1-0: Ball 2-0: Ball 3-0: Base on Balls Jeff Peterson scores Kenneth Key to third Travis Shannon to second | Batting: RHB Steve Bañuelos | 0-0: Called Strike 0-1: Fly out, F9 (Flyball, 89S) | Batting: LHB Luis Antonio Cortéz | 0-0: Called Strike 0-1: Called Strike 0-2: SINGLE (Line Drive, 7LM) Kenneth Key scores Travis Shannon to third Ollie Buchanan to second Runner from 3rd tries for Home, SAFE, throw made home | Pitching: RHP Tommy Holmes | | Batting: RHB Tommy Miller | 0-0: Fielders Choice at 2nd, 5-4 (Groundball, 56) | Bottom of the 5th over - 5 runs, 3 hits, 0 errors, 2 left on base; Rutgers 4 - Ohio State 7 | TOP OF THE 6TH |
---|
Rutgers Scarlet Knights batting - Pitching for Ohio State Buckeyes : RHP Tom Allen | Batting: RHB Joseph McCarteney | 0-0: Called Strike 0-1: Ball 1-1: Swinging Strike 1-2: Foul Ball, location: 2F 1-2: Foul Ball, location: 2F 1-2: Strikes out swinging | Batting: RHB Roy Lovell | 0-0: Foul Ball, location: 2F 0-1: Ball 1-1: Ground out 5-3 (Groundball, 56) | Batting: RHB Norm Gunn | 0-0: Ball 1-0: Called Strike 1-1: Ball 2-1: Fly out, F9 (Flyball, 9) | Top of the 6th over - 0 runs, 0 hits, 0 errors, 0 left on base; Rutgers 4 - Ohio State 7 | BOTTOM OF THE 6TH |
---|
Ohio State Buckeyes batting - Pitching for Rutgers Scarlet Knights : RHP Tommy Holmes | Batting: RHB Dale Hernández | 0-0: Called Strike 0-1: Fly out, F8 (Flyball, 8RS) | Batting: LHB Josh Armstrong | 0-0: Ball 1-0: Swinging Strike 1-1: Ball 2-1: Fly out, F8 (Flyball, 8LD) | Batting: RHB Jeff Peterson | 0-0: Fly out, F9 (Flyball, 9D) | Bottom of the 6th over - 0 runs, 0 hits, 0 errors, 0 left on base; Rutgers 4 - Ohio State 7 | TOP OF THE 7TH |
---|
Rutgers Scarlet Knights batting - Pitching for Ohio State Buckeyes : RHP Tom Allen | Batting: SHB Pat Brock | 0-0: Ball 1-0: Ball 2-0: Called Strike 2-1: Ground out 4-3 (Groundball, 4D) | Batting: RHB Michael Gibson | 0-0: SOLO HOME RUN (Flyball, 7D), Distance : 351 ft | Batting: RHB Howard Battle | 0-0: Called Strike 0-1: Foul Ball, location: 2F 0-2: Ball 1-2: Ball 2-2: Strikes out looking | Batting: RHB Randy Guthrie | 0-0: Called Strike 0-1: Swinging Strike 0-2: Ball 1-2: Ball 2-2: Foul Ball, location: 2F 2-2: Ground out 4-3 (Groundball, 4M) | Top of the 7th over - 1 run, 1 hit, 0 errors, 0 left on base; Rutgers 5 - Ohio State 7 | BOTTOM OF THE 7TH |
---|
Ohio State Buckeyes batting - Pitching for Rutgers Scarlet Knights : RHP Tommy Holmes | Batting: LHB Kenneth Key | 0-0: Ball 1-0: Foul Ball, location: 2F 1-1: SINGLE (Groundball, 2L) (infield hit) | Batting: SHB Travis Shannon | 0-0: Foul Ball, location: 2F 0-1: Ball 1-1: Foul Ball, location: 2F 1-2: Strikes out swinging | Batting: RHB Ollie Buchanan | 0-0: Foul Ball, location: 2F 0-1: Ball 1-1: Foul Ball, location: 2F 1-2: SINGLE (Line Drive, 7LM) Kenneth Key to second | Batting: RHB Steve Bañuelos | 0-0: Called Strike 0-1: Foul Ball, location: 2F 0-2: Ball 1-2: Foul Ball, location: 2F 1-2: Foul Ball, location: 2F 1-2: Ball 2-2: SINGLE (Flyball, 8RS) Kenneth Key to third Ollie Buchanan to second | Batting: LHB Luis Antonio Cortéz | 0-0: Grounds into fielders choice 3-2 (Groundball, 3) Ollie Buchanan to third Steve Bañuelos to second | Batting: RHB Tommy Miller | 0-0: Called Strike 0-1: Ball 1-1: Ball 2-1: Ball 3-1: Base on Balls Ollie Buchanan scores Steve Bañuelos to third Luis Antonio Cortéz to second | Batting: RHB Dale Hernández | 0-0: Called Strike 0-1: Foul Ball, location: 2F 0-2: Ball 1-2: Ball 2-2: Foul Ball, location: 2F 2-2: GRAND SLAM HOME RUN (Flyball, 7LD), Distance : 316 ft | Batting: LHB Josh Armstrong | 0-0: Ball 1-0: Ball 2-0: Ball 3-0: Base on Balls | Batting: RHB Jeff Peterson | 0-0: Ball 1-0: Foul Ball, location: 2F 1-1: Foul Ball, location: 2F 1-2: Ball 2-2: Ball 3-2: Base on Balls Josh Armstrong to second | Batting: LHB Kenneth Key | 0-0: Ball 1-0: Called Strike 1-1: Ground out 3-1 (Groundball, 34S) | Bottom of the 7th over - 5 runs, 4 hits, 0 errors, 2 left on base; Rutgers 5 - Ohio State 12 | TOP OF THE 8TH |
---|
Rutgers Scarlet Knights batting - Pitching for Ohio State Buckeyes : RHP Tom Allen | Batting: LHB Andre Montgomery | 0-0: Ball 1-0: Fly out, F7 (Flyball, 78M) | Batting: LHB Dennis Montgomery | 0-0: Called Strike 0-1: Called Strike 0-2: Ball 1-2: Foul Ball, location: 2F 1-2: Strikes out looking | Batting: RHB Joseph McCarteney | 0-0: Hit by Pitch | Batting: RHB Roy Lovell | 0-0: SINGLE (Groundball, 13S) (infield hit) Joseph McCarteney to second | Batting: RHB Norm Gunn | 0-0: Ball 1-0: Ground out U3 (Groundball, 3) | Top of the 8th over - 0 runs, 1 hit, 0 errors, 2 left on base; Rutgers 5 - Ohio State 12 | BOTTOM OF THE 8TH |
---|
Ohio State Buckeyes batting - Pitching for Rutgers Scarlet Knights : RHP Tommy Holmes | Pitching: RHP Tyler Jones | | Batting: SHB Travis Shannon | 0-0: Called Strike 0-1: Ball 1-1: Fly out, F7 (Flyball, 7) | Batting: RHB Ollie Buchanan | 0-0: Ball 1-0: Foul Ball, location: 2F 1-1: Ball 2-1: Foul Ball, location: 2F 2-2: Ball 3-2: Base on Balls | Batting: RHB Steve Bañuelos | 0-0: Swinging Strike 0-1: Ball 1-1: 2-RUN HOME RUN (Flyball, 7D), Distance : 370 ft | Batting: LHB Luis Antonio Cortéz | 0-0: Swinging Strike 0-1: Ball 1-1: Called Strike 1-2: Fly out, F6 (Popup, 6) | Batting: RHB Tommy Miller | 0-0: Called Strike 0-1: Ball 1-1: Foul Ball, location: 2F 1-2: Strikes out swinging | Bottom of the 8th over - 2 runs, 1 hit, 0 errors, 0 left on base; Rutgers 5 - Ohio State 14 | TOP OF THE 9TH |
---|
Rutgers Scarlet Knights batting - Pitching for Ohio State Buckeyes : RHP Tom Allen | Batting: SHB Pat Brock | 0-0: Ball 1-0: SINGLE (Line Drive, 78M) | Pitching: LHP Tommy Campbell | | Batting: RHB Michael Gibson | 0-0: Called Strike 0-1: Called Strike 0-2: Strikes out swinging | Batting: RHB Howard Battle | 0-0: Foul Ball, location: 2F 0-1: Foul Ball, location: 2F 0-2: Strikes out looking | Batting: RHB Randy Guthrie | 0-0: Called Strike 0-1: Ball 1-1: Ball 2-1: SINGLE (Groundball, 56D) Pat Brock to second | Batting: LHB Andre Montgomery | 0-0: Ball 1-0: Called Strike 1-1: Ball 2-1: SINGLE (Groundball, 4MD) Pat Brock to third Randy Guthrie to second | Batting: LHB Dennis Montgomery | 0-0: Ball 1-0: Foul Ball, location: 2F 1-1: Fielders Choice at 2nd, 6-4 (Groundball, 6) | Top of the 9th over - 0 runs, 3 hits, 0 errors, 3 left on base; Rutgers 5 - Ohio State 14 | |